AoeStats
← Hello World

Arena

509553261Analyzed
4v4 RM · 6d ago on Sep 27, 2026· 35m 43s· 8 players
Game mode
Random Map
Map size
Large (8 player)
Population
200
Speed
Normal
Resources
Standard
Victory
Conquest
Starting age
Dark Age
Ending age
Imperial Age
RankedLock teamsTeams togetherTeam positionsShared explorationLock speedFull tech treeHidden civsTurbo modeCheats
Victory
Defeat
🇲🇽 Slavs · Mexico
1085
+16
🇨🇳 Bohemians · China
1082
+16
🇺🇸 Spanish · United States
1073
+16
🇨🇦 Britons · Canada
1065
+24
🇹🇼 Burmese · Taiwan
1125
-18
🇹🇼 Varangians · Taiwan
1099
-17
🇺🇸 Portuguese · United States
1080
-16
🇹🇼 Danes · Taiwan
1016
-14
Ordenanza
10:09 Feudal Age
14:40 Castle Age
12:54 Double-Bit Axe
14:31 Horse Collar
15:40 Bow Saw
16:33 Fletching
19:48 Padded Archer Armor
20:53 Bodkin Arrow
22:14 Stone Mining
24:48 Wheelbarrow
24:37 Heavy Plow
25:20 Leather Archer Armor
26:19 Ballistics
26:59 Town Watch
32:37 Imperial Age
31:24 Gold Mining
32:03 Hand Cart
31:34 Loom
32:37 Elite Longbowman
33:25 Bracer
35:34 Ring Archer Armor
36:38 Chemistry
35:13 Capped Ram
36:36 Yeomen
Hello World
11:10 Feudal Age
12:26 Loom
15:16 Castle Age
13:53 Double-Bit Axe
17:10 Horse Collar
17:32 Fletching
28:10 Forging
32:14 Bow Saw
32:06 Heavy Plow
33:13 Wheelbarrow
32:34 Gold Mining
33:11 Inquisition
33:05 Town Watch
35:23 Redemption
永不投降嘻嘻
10:20 Feudal Age
14:47 Castle Age
13:42 Double-Bit Axe
13:38 Horse Collar
19:33 Bow Saw
20:20 Heavy Plow
22:39 Loom
22:53 Loom
27:11 Imperial Age
26:34 Chemistry
27:20 Padded Archer Armor
31:15 Guard Tower
31:54 Pikeman
ROCK ON - 16
10:43 Feudal Age
14:25 Castle Age
12:42 Double-Bit Axe
12:47 Horse Collar
17:18 Wheelbarrow
19:15 Loom
21:25 Town Watch
23:46 Hand Cart
25:23 Bow Saw
25:22 Heavy Plow
25:50 Gold Mining
25:55 Stone Mining
31:10 Imperial Age
28:25 Pikeman
29:06 Squires
31:12 Forging
31:08 Scale Barding Armor
32:00 Town Patrol
32:11 Scale Mail Armor
32:52 Iron Casting
33:04 Conscription
32:46 Druzhina
32:13 Capped Ram
33:49 Gold Shaft Mining
33:27 Halberdier
glaitick
12:04 Feudal Age
13:29 Loom
13:31 Horse Collar
16:22 Castle Age
21:00 Imperial Age
19:45 Double-Bit Axe
25:18 Stone Mining
27:01 Padded Archer Armor
26:52 Fletching
29:17 Wheelbarrow
29:31 Bodkin Arrow
30:40 Conscription
31:53 Chemistry
31:27 Pikeman
32:32 Bracer
32:35 Elite Skirmisher
a-lon
10:27 Feudal Age
14:13 Castle Age
12:09 Horse Collar
18:58 Wheelbarrow
18:34 Heavy Plow
21:33 Gold Mining
22:56 Hand Cart
28:11 Imperial Age
26:36 Scale Barding Armor
26:42 Forging
27:24 Stone Mining
28:06 Chain Barding Armor
28:18 Bloodlines
28:09 Husbandry
28:44 Elite Battle Elephant
30:26 Plate Barding Armor
30:27 Iron Casting
29:27 Light Cavalry
30:31 Hussar
33:56 Loom
35:20 Blast Furnace
7124482444a
11:10 Feudal Age
11:40 Horse Collar
11:47 Double-Bit Axe
17:24 Castle Age
17:14 Wheelbarrow
16:31 Gold Mining
21:23 Bow Saw
24:29 Heavy Plow
26:00 Loom
29:17 Imperial Age
26:35 Loom
28:18 Stone Mining
28:51 Bloodlines
28:41 Husbandry
29:13 Forging
29:09 Scale Barding Armor
30:32 Stone Shaft Mining
29:37 Cavalier
31:15 Chain Barding Armor
31:40 Crop Rotation
32:43 Two-Man Saw
32:50 Plate Barding Armor
poi
11:55 Feudal Age
16:06 Castle Age
15:55 Man-at-Arms
17:38 Loom
18:40 Scale Mail Armor
27:17 Long Swordsman
Connection lost

Rejoining the realm…

Still unreachable

The connection could not be restored.

Session expired

The server has moved on; the page needs a fresh start.